cohdb
Replays
Latest Replays
All Replays
Popular Replays
Top Player Replays
Match Explorer
How It Works
Community
CoH3 Stats
Reddit
Sign in to upload your games and track your stats! →
Sign in with Steam
Match 41685894
Unlisted
Match 41685894
Overview
Messages
Build Orders
End
Construct Weapon Support Center
Engineer Squad
M1919 Machine Gun Team
M1919 Machine Gun Team
Bazooka Squad
Construct Medical Station
Selects Special Operations Battlegroup
Selects M29 Weasel with M1 Pack Howitzer
Construct Barracks
Riflemen Squad
M29 Weasel with M1 Pack Howitzer
Selects Raiding Flares
Riflemen Squad
Infantry Support Center
Construct Motor Pool
Selects SSF Commando Squad
M24 Chaffee Light Tank
Grenade Package
M1 Anti-tank Gun Team
Selects Air Re-supply Operation
Air Re-Supply Operation
Construct Tank Depot
M4(105) Sherman Bulldozer
Selects Mark Vehicle
Selects UNKNOWN (2162291)
Mark Vehicle
M18 Hellcat Tank Destroyer
Nukepapa
APACHE
Pinhi
Itaca
0
0
Comments
sign in to comment!
No comments posted yet!